PBL
NEW YORK METS @ LOS ANGELES ANGELS
06/07/2071
 
TOP OF THE 1ST
New York Mets batting - Pitching for Los Angeles Angels : LHP Phil Williams
Pitching: LHP Phil Williams
Batting: RHB David López 0-0: Ball
1-0: Ball
2-0: Ball
3-0: Called Strike
3-1: Foul Ball, location: 2RF
3-2: SINGLE (Line Drive, 9LM, EV 103.1 MPH)
Batting: RHB Jack McConnell 0-0: Called Strike
0-1: Called Strike
0-2: Strikes out swinging
Batting: RHB Rich Stairs 0-0: Ball
1-0: Called Strike
1-1: Ball
2-1: Called Strike
David López steals 2nd base
2-2: Strikes out swinging
Batting: RHB Yoriyuki Iwata 0-0: Called Strike
0-1: DOUBLE (Line Drive, 3D, EV 102.5 MPH)
David López scores
Batting: RHB Ricardo Cantú 0-0: Ball
1-0: Called Strike
1-1: Called Strike
1-2: Strikes out looking
Top of the 1st over - 1 run, 2 hits, 0 errors, 1 left on base; New York 1 - Los Angeles 0
BOTTOM OF THE 1ST
Los Angeles Angels batting - Pitching for New York Mets : RHP Ed Walker
Pitching: RHP Ed Walker
Batting: LHB Kenzaburo Sato 0-0: Called Strike
0-1: Foul Ball, location: 2F
0-2: Ball
1-2: Foul Ball, location: 3F
1-2: Ball
2-2: SINGLE (Line Drive, 5D, EV 96.3 MPH)
Batting: LHB Jung-won Sop 0-0: Ball
1-0: Foul Ball, location: 3F
1-1: Fly out, F7 (Flyball, 7LM, EV 94.4 MPH)
Batting: LHB Ma-huan Yan 0-0: Ball
1-0: Ball
2-0: Ball
3-0: Fly out, F5 (Popup, 56, EV 63.8 MPH)
Batting: RHB Raúl Galló 0-0: Ball
1-0: Ball
2-0: Ball
3-0: Base on Balls
Kenzaburo Sato to second
Batting: RHB Tony Mora 0-0: Foul Ball, location: 9LSF
0-1: Called Strike
0-2: Strikes out swinging
Bottom of the 1st over - 0 runs, 1 hit, 0 errors, 2 left on base; New York 1 - Los Angeles 0
TOP OF THE 2ND
New York Mets batting - Pitching for Los Angeles Angels : LHP Phil Williams
Batting: RHB Troy Day 0-0: Ground out 6-3 (Groundball, 6, EV 80.0 MPH)
Batting: LHB Gustavo Costello 0-0: Called Strike
0-1: Ball
1-1: Fly out, F6 (Popup, 6, EV 53.8 MPH)
Batting: RHB Jerome Morales 0-0: Called Strike
0-1: Swinging Strike
0-2: Ball
1-2: Ball
2-2: Foul Ball, location: 5FF
2-2: Strikes out swinging
Top of the 2nd over - 0 runs, 0 hits, 0 errors, 0 left on base; New York 1 - Los Angeles 0
BOTTOM OF THE 2ND
Los Angeles Angels batting - Pitching for New York Mets : RHP Ed Walker
Batting: RHB Craig Martin 0-0: Called Strike
0-1: Foul Ball, location: 25FF
0-2: Ball
1-2: Ball
2-2: Foul Ball, location: 5FF
2-2: Ball
3-2: Foul Ball, location: 2F
3-2: Foul Ball, location: 2F
3-2: Foul Ball, location: 9LMF
3-2: Foul Ball, location: 2F
3-2: Ground out 1-3 (Groundball, 15, EV 65.6 MPH)
Batting: LHB Joe Shaw 0-0: Ball
1-0: Swinging Strike
1-1: Ball
2-1: Foul Ball, location: 9LDF
2-2: Ball
3-2: Fly out, F8 (Flyball, 8RXD, EV 103.1 MPH)
Batting: SHB Xavier Martínez 0-0: Called Strike
0-1: Fly out, F7 (Flyball, 78S, EV 90.0 MPH)
Bottom of the 2nd over - 0 runs, 0 hits, 0 errors, 0 left on base; New York 1 - Los Angeles 0
TOP OF THE 3RD
New York Mets batting - Pitching for Los Angeles Angels : LHP Phil Williams
Batting: RHB José Ramírez 0-0: Swinging Strike
0-1: Foul Ball, location: 9LDF
0-2: Strikes out swinging
Batting: RHB David López 0-0: Ball
1-0: Swinging Strike
1-1: Called Strike
1-2: Foul Ball, location: 3FF
1-2: Ball
2-2: Foul Ball, location: 9LDF
2-2: Foul Ball, location: 5SF
2-2: Ball
3-2: Foul Ball, location: 2F
3-2: Base on Balls
Batting: RHB Jack McConnell 0-0: SINGLE (Line Drive, 9LS, EV 87.5 MPH)
David López to second
Batting: RHB Rich Stairs 0-0: Foul Ball, location: 2F
0-1: Ball
1-1: Ball
2-1: Ball
3-1: Base on Balls
David López to third
Jack McConnell to second
Batting: RHB Yoriyuki Iwata 0-0: Foul Ball, location: 3FF
0-1: Ball
1-1: Fly out, F8 (Flyball, 8RD, EV 101.9 MPH)
Runner from 3rd tags up, SCORES, throw by CF
Batting: RHB Ricardo Cantú 0-0: Fielders Choice at 2nd, 6-4 (Groundball, 6, EV 102.5 MPH)
Top of the 3rd over - 1 run, 1 hit, 0 errors, 2 left on base; New York 2 - Los Angeles 0
BOTTOM OF THE 3RD
Los Angeles Angels batting - Pitching for New York Mets : RHP Ed Walker
Batting: RHB David Frederick 0-0: Called Strike
0-1: Called Strike
0-2: Fly out, F9 (Flyball, 89D, EV 76.3 MPH)
Batting: LHB Kenzaburo Sato 0-0: Foul Ball, location: 2F
0-1: Ball
1-1: Ball
2-1: Swinging Strike
2-2: Ball
3-2: Ground out 4-3 (Groundball, 4S, EV 84.4 MPH)
Batting: LHB Jung-won Sop 0-0: DOUBLE (Line Drive, 78M, EV 103.1 MPH)
Batting: LHB Ma-huan Yan 0-0: Ball
1-0: Foul Ball, location: 2F
1-1: Ground out U3 (Groundball, 3, EV 74.4 MPH)
Bottom of the 3rd over - 0 runs, 1 hit, 0 errors, 1 left on base; New York 2 - Los Angeles 0
TOP OF THE 4TH
New York Mets batting - Pitching for Los Angeles Angels : LHP Phil Williams
Batting: RHB Troy Day 0-0: Called Strike
0-1: Swinging Strike
0-2: Ball
1-2: Foul Ball, location: 9LMF
1-2: Ball
2-2: SINGLE (Line Drive, 8RS, EV 90.6 MPH)
Batting: LHB Gustavo Costello 0-0: Called Strike
0-1: Hit by Pitch
Troy Day to second
Batting: RHB Jerome Morales 0-0: Ball
Wild Pitch!
Troy Day to third
Gustavo Costello to second
1-0: Swinging Strike
1-1: Ground out 5-3 (Groundball, 56, EV 85.6 MPH)
Troy Day scores
Gustavo Costello to third
Batting: RHB José Ramírez 0-0: Ball
1-0: Ball
2-0: Fly out, F7 (Flyball, 7S, EV 86.3 MPH)
Batting: RHB David López 0-0: Foul Ball, location: 2F
0-1: Ball
1-1: Swinging Strike
1-2: Strikes out swinging
Top of the 4th over - 1 run, 1 hit, 0 errors, 1 left on base; New York 3 - Los Angeles 0
BOTTOM OF THE 4TH
Los Angeles Angels batting - Pitching for New York Mets : RHP Ed Walker
Batting: RHB Raúl Galló 0-0: Ball
1-0: Ball
2-0: Fly out, F3 (Popup, 23F, EV 71.3 MPH)
Batting: RHB Tony Mora 0-0: Ball
1-0: Ball
2-0: Called Strike
2-1: Fly out, F8 (Flyball, 89M, EV 88.1 MPH)
Batting: RHB Craig Martin 0-0: Foul Ball, location: 7LMF
0-1: Ball
1-1: Swinging Strike
1-2: Foul Ball, location: 2F
1-2: Strikes out looking
Bottom of the 4th over - 0 runs, 0 hits, 0 errors, 0 left on base; New York 3 - Los Angeles 0
TOP OF THE 5TH
New York Mets batting - Pitching for Los Angeles Angels : LHP Phil Williams
Batting: RHB Jack McConnell 0-0: Ball
1-0: Called Strike
1-1: Swinging Strike
1-2: Strikes out swinging
Batting: RHB Rich Stairs 0-0: SINGLE (Line Drive, 7S, EV 98.8 MPH)
Batting: RHB Yoriyuki Iwata 0-0: Called Strike
0-1: Ball
1-1: Fly out, F7 (Flyball, 78D, EV 93.1 MPH)
Batting: RHB Ricardo Cantú 0-0: Called Strike
0-1: Ball
1-1: Called Strike
1-2: SINGLE (Line Drive, 4D, EV 96.9 MPH)
Rich Stairs to second
Runner from 2nd tries for 3rd, SAFE, no throw by RF
Batting: RHB Troy Day 0-0: SINGLE (Groundball, 4MD, EV 103.1 MPH)
Rich Stairs scores
Ricardo Cantú to second
Batting: LHB Gustavo Costello 0-0: Ground out 4-3 (Groundball, 4, EV 103.1 MPH)
Top of the 5th over - 1 run, 3 hits, 0 errors, 2 left on base; New York 4 - Los Angeles 0
BOTTOM OF THE 5TH
Los Angeles Angels batting - Pitching for New York Mets : RHP Ed Walker
Batting: LHB Joe Shaw 0-0: Called Strike
0-1: Swinging Strike
0-2: Foul Ball, location: 5F
0-2: Ground out 6-3 (Groundball, 4M, EV 81.9 MPH)
Batting: SHB Xavier Martínez 0-0: Called Strike
0-1: SOLO HOME RUN (Flyball, 78XD, EV 98.1 MPH), Distance : 391 ft
Batting: RHB David Frederick 0-0: Called Strike
0-1: Ball
1-1: Ball
2-1: Foul Ball, location: 2F
2-2: Foul Ball, location: 9LSF
2-2: Ball
3-2: Foul Ball, location: 2F
3-2: SOLO HOME RUN (Line Drive, 7D, EV 95.6 MPH), Distance : 387 ft
Batting: LHB Kenzaburo Sato 0-0: SINGLE (Groundball, 4MD, EV 96.9 MPH)
Batting: LHB Jung-won Sop 0-0: Swinging Strike
0-1: Fly out, F8 (Flyball, 8LM, EV 90.0 MPH)
Batting: LHB Ma-huan Yan 0-0: Swinging Strike
0-1: Ball
1-1: Ball
2-1: Foul Ball, location: 2F
2-2: Ball
3-2: Foul Ball, location: 23FF
3-2: Strikes out swinging
Bottom of the 5th over - 2 runs, 3 hits, 0 errors, 1 left on base; New York 4 - Los Angeles 2
TOP OF THE 6TH
New York Mets batting - Pitching for Los Angeles Angels : LHP Phil Williams
Batting: RHB Jerome Morales 0-0: Ball
1-0: Ball
2-0: Foul Ball, location: 2F
2-1: Foul Ball, location: 7LSF
2-2: Strikes out looking
Batting: RHB José Ramírez 0-0: Swinging Strike
0-1: Ball
1-1: Ball
2-1: Ground out 6-3 (Groundball, 6, EV 85.0 MPH)
Batting: RHB David López 0-0: Ground out U3 (Groundball, 34, EV 101.9 MPH)
Top of the 6th over - 0 runs, 0 hits, 0 errors, 0 left on base; New York 4 - Los Angeles 2
BOTTOM OF THE 6TH
Los Angeles Angels batting - Pitching for New York Mets : RHP Ed Walker
Pitching: RHP Steve Swift
Batting: RHB Raúl Galló 0-0: Ball
1-0: Ball
2-0: Foul Ball, location: 25F
2-1: Swinging Strike
2-2: Ball
3-2: Strikes out swinging
Batting: RHB Tony Mora 0-0: Foul Ball, location: 7LSF
0-1: Called Strike
0-2: Strikes out swinging
Batting: RHB Craig Martin 0-0: Ball
1-0: Called Strike
1-1: Fly out, F9 (Line Drive, 9, EV 91.3 MPH)
Bottom of the 6th over - 0 runs, 0 hits, 0 errors, 0 left on base; New York 4 - Los Angeles 2
TOP OF THE 7TH
New York Mets batting - Pitching for Los Angeles Angels : LHP Phil Williams
Batting: RHB Jack McConnell 0-0: Called Strike
0-1: Ball
1-1: Foul Ball, location: 7LSF
1-2: Foul Ball, location: 3FF
1-2: Strikes out looking
Batting: RHB Rich Stairs 0-0: Foul Ball, location: 2F
0-1: Fly out, F9 (Flyball, 9, EV 91.3 MPH)
Batting: RHB Yoriyuki Iwata 0-0: Foul Ball, location: 2F
0-1: Ball
1-1: Hit by Pitch
Pitching: RHP Roy Cruz
Batting: RHB Ricardo Cantú 0-0: Called Strike
0-1: Ball
1-1: Foul Ball, location: 9LMF
1-2: Fly out, F6 (Popup, 6S, EV 74.4 MPH)
Top of the 7th over - 0 runs, 0 hits, 0 errors, 1 left on base; New York 4 - Los Angeles 2
BOTTOM OF THE 7TH
Los Angeles Angels batting - Pitching for New York Mets : RHP Steve Swift
Batting: LHB Joe Shaw 0-0: Ball
1-0: Ball
2-0: Ground out 5-3 (Groundball, 5, EV 80.0 MPH)
Batting: SHB Xavier Martínez 0-0: Swinging Strike
0-1: Swinging Strike
0-2: Ball
1-2: Ball
2-2: Foul Ball, location: 2F
2-2: Strikes out swinging
Batting: RHB David Frederick 0-0: Ground out 5-3 (Groundball, 56S, EV 71.9 MPH)
Bottom of the 7th over - 0 runs, 0 hits, 0 errors, 0 left on base; New York 4 - Los Angeles 2
TOP OF THE 8TH
New York Mets batting - Pitching for Los Angeles Angels : RHP Roy Cruz
Batting: RHB Troy Day 0-0: Ball
1-0: Ground out 6-3 (Groundball, 6, EV 87.5 MPH)
Batting: LHB Gustavo Costello 0-0: Foul Ball, location: 2F
0-1: Ground out U3 (Groundball, 3, EV 83.8 MPH)
Batting: RHB Jerome Morales 0-0: Ball
1-0: Ball
2-0: Called Strike
2-1: Swinging Strike
2-2: Foul Ball, location: 5FF
2-2: Foul Ball, location: 5DF
2-2: Foul Ball, location: 2F
2-2: Ball
3-2: Strikes out swinging
Top of the 8th over - 0 runs, 0 hits, 0 errors, 0 left on base; New York 4 - Los Angeles 2
BOTTOM OF THE 8TH
Los Angeles Angels batting - Pitching for New York Mets : RHP Steve Swift
Now at 1B: Rich Stairs
Now in LF: Bob Mack
Batting: LHB Kenzaburo Sato 0-0: Ball
1-0: Called Strike
1-1: Ball
2-1: Ball
3-1: Swinging Strike
3-2: Foul Ball, location: 5SF
3-2: Foul Ball, location: 2F
3-2: Fly out, F9 (Flyball, 9S, EV 93.1 MPH)
Batting: LHB Jung-won Sop 0-0: Ball
1-0: Foul Ball, location: 2F
1-1: Foul Ball, location: 25FF
1-2: DOUBLE (Flyball, 8LXD, EV 95.0 MPH)
Batting: LHB Ma-huan Yan 0-0: Ball
1-0: Ball
2-0: Ball
3-0: Called Strike
3-1: Base on Balls
Pitching: RHP Keith McCain
Batting: RHB Raúl Galló 0-0: Ball
1-0: Grounds into double play, 6-4-3 (Groundball, 6, EV 98.8 MPH)
Bottom of the 8th over - 0 runs, 1 hit, 0 errors, 1 left on base; New York 4 - Los Angeles 2
TOP OF THE 9TH
New York Mets batting - Pitching for Los Angeles Angels : RHP Roy Cruz
Batting: RHB José Ramírez 0-0: Swinging Strike
0-1: Ball
1-1: Swinging Strike
1-2: Strikes out swinging
Batting: LHB Bob Mack 0-0: Reached on error, E6 (Groundball, 56, EV 81.9 MPH)
Batting: RHB Jack McConnell 0-0: Foul Ball, location: 9LDF
0-1: Swinging Strike
0-2: Foul Ball, location: 2F
0-2: Ball
1-2: Strikes out looking
Pitching: RHP Mark Liñares
Batting: RHB Rich Stairs 0-0: Swinging Strike
0-1: Ball
1-1: Ball
2-1: Foul Ball, location: 5F
2-2: Ball
3-2: Ground out 5-3 (Groundball, 56S, EV 93.1 MPH)
Top of the 9th over - 0 runs, 0 hits, 1 error, 1 left on base; New York 4 - Los Angeles 2
BOTTOM OF THE 9TH
Los Angeles Angels batting - Pitching for New York Mets : RHP Keith McCain
Pitching: LHP Pablo Suárez
Batting: RHB Tony Mora 0-0: Foul Ball, location: 9LSF
0-1: Ball
1-1: Foul Ball, location: 5DF
1-2: Foul Ball, location: 23FF
1-2: Strikes out swinging
Batting: RHB Craig Martin 0-0: Called Strike
0-1: Ball
1-1: Ball
2-1: Swinging Strike
2-2: Strikes out swinging
Pinch Hitting: RHB Marvin Cummings 0-0: Foul Ball, location: 3DF
0-1: Ball
1-1: Fly out, F8 (Flyball, 89XD, EV 95.0 MPH)
Bottom of the 9th over - 0 runs, 0 hits, 0 errors, 0 left on base; New York 4 - Los Angeles 2
Saturday, April 20th , 2024 - OOTP Baseball 24.10 Build 82